Map: Prion Terraces

Players

ILLBdA - Winner!

  • Race: Protoss Protoss
  • League: Diamond

DOMINATOR

  • Race: Protoss Protoss
  • League: Platinum

VOD

Have the link to the VOD?

Description

Time

  • Played on: Dec. 30, 2015, 7:14 a.m.
  • Length: 4:08
Show
View Real Time Build Order
Export as new Build Order

ILLBdA Protoss - Winner!

Build Orders:  

Get SALT Encoding   

  12  0:01  Probe (Chrono Boost)  
  13  0:11  Probe (Chrono Boost)  
  14  0:17  Pylon  
  14  0:22  Probe (Chrono Boost)  
  15  0:36  Probe (Chrono Boost)  
  15  0:38  Gateway  
  16  0:46  Probe (Chrono Boost)  
  17  0:51  Assimilator  
  17  0:56  Assimilator  
  17  1:06  Probe (Chrono Boost)  
  18  1:14  Pylon  
  18  1:16  Probe (Chrono Boost)  
  19  1:25  Cybernetics Core  
  19  1:28  Probe (Chrono Boost)  
  20  1:34  Cybernetics Core  
  20  1:39  Gateway  
  20  1:48  Gateway  
  20  1:51  Probe (Chrono Boost)  
  21  2:04  Stalker (Chrono Boost)  
  21  2:05  Warp Gate  
  23  2:20  Gateway  
  23  2:28  Stalker (Chrono Boost)  
  23  2:37  Stalker (Chrono Boost)  
  27  2:38  Pylon  
  27  2:45  Stalker (Chrono Boost)  
  29  2:56  Mothership Core (Chrono Boost)  
  31  3:03  Adept (Chrono Boost)  
  32  3:21  Pylon  
  31  3:30  Adept  
  31  3:33  Probe (Chrono Boost)  
Show
View Real Time Build Order
Export as new Build Order

DOMINATOR Protoss 

Build Orders:  

Get SALT Encoding   

  12  0:01  Probe (Chrono Boost)  
  13  0:11  Probe (Chrono Boost)  
  14  0:22  Probe (Chrono Boost), Pylon  
  15  0:40  Probe (Chrono Boost), Gateway  
  16  0:47  Assimilator  
  16  0:50  Probe (Chrono Boost)  
  17  1:01  Probe (Chrono Boost), Gateway  
  18  1:06  Assimilator  
  18  1:11  Probe (Chrono Boost)  
  19  1:22  Probe (Chrono Boost)  
  20  1:28  Cybernetics Core  
  20  1:34  Pylon  
  20  1:37  Probe (Chrono Boost)  
  21  1:49  Probe (Chrono Boost)  
  22  2:05  Adept x2  
  26  2:09  Mothership Core (Chrono Boost)  
  28  2:27  Probe (Chrono Boost)  
  29  2:47  Probe  
  30  2:56  Nexus  
  30  3:07  Pylon  
  30  3:09  Pylon  
  30  3:17  Pylon  
  30  3:21  Pylon  
Tags
 
Matchup
PvP
Replay Pack
me
Add a new tag
Caveats
  • Supply blocks, unpowered buildings, or Contaminate may cause inaccurate times.
  • Supply counts are checked every 10 seconds.